 Dungeon Crawl Stone Soup version 0.29-a0-474-gdfe5cd140f (webtiles) character file.

Game seed: 10849495590291023939

107 Linklo the Chopper (level 4, -1/40 HPs)
             Began as a Minotaur Berserker on May 23, 2022.
             Was a Believer of Trog.
             Slain by a hobgoblin
             ... wielding a +0 club
              (2 damage)
             ... on level 3 of the Dungeon.
             The game lasted 00:08:23 (2545 turns).

Linklo the Chopper (Minotaur Berserker)             Turns: 2545, Time: 00:08:23

Health: -1/40      AC:  6    Str: 24    XL:     4   Next: 56%
Magic:  3/3        EV:  6    Int:  4    God:    Trog [**....]
Gold:   154        SH:  0    Dex:  9    Spells: 3/3 levels left

rFire   . . .      SeeInvis .   a - +0 hand axe
rCold   . . .      Faith    +   (no shield)
rNeg    + . .      Spirit   .   d - +0 scale mail
rPois   .          Reflect  .   (helmet restricted)
rElec   .          Harm     .   (no cloak)
rCorr   .          Rampage  .   (no gloves)
Will    .....                   (no boots)
Stlth   ..........              g - amulet of faith
HPRegen 0.13/turn               j - ring of positive energy
MPRegen 0.08/turn               (no ring)

@: held
A: horns 2, retaliatory headbutt
a: Renounce Religion, Berserk, Trog's Hand


You were on level 3 of the Dungeon.
You worshipped Trog.
Trog was pleased with you.
You visited 1 branch of the dungeon, and saw 3 of its levels.

You collected 154 gold pieces.

Inventory:

Hand Weapons
 a - a +0 hand axe (weapon)
Armour
 b - a +0 animal skin
 d - a +0 scale mail (worn)
Jewellery
 g - an amulet of faith (around neck)
 j - a ring of positive energy (left hand)
 n - a +4 ring of slaying
Scrolls
 c - 2 scrolls of teleportation
 l - a scroll of vulnerability {unknown}
 m - a scroll of identify
Potions
 e - a potion of cancellation {unknown}
 f - 2 potions of curing
 h - 2 potions of lignification {unknown}
 i - a potion of magic {unknown}
 k - a potion of invisibility {unknown}
 o - a potion of mutation {unknown}


   Skills:
 + Level 4.2 Fighting
 * Level 4.7 Axes
 + Level 3.2 Armour
 * Level 3.5 Dodging


You had 3 spell levels left.
You didn't know any spells.
Your spell library was empty.

Dungeon Overview and Level Annotations

Branches:
Dungeon (3/15)

Altars:
Wu Jian


Innate Abilities, Weirdness & Mutations

You have a pair of horns on your head.
You reflexively headbutt those who attack you in melee.


Message History

The giant cockroach bites you but does no damage.
The giant cockroach bites you but does no damage.
The giant cockroach completely misses you.
The giant cockroach bites you but does no damage.
The giant cockroach completely misses you.
The giant cockroach bites you but does no damage.
The giant cockroach bites you but does no damage.
The giant cockroach barely misses you.
The giant cockroach bites you but does no damage.
The giant cockroach bites you but does no damage. x2
The giant cockroach bites you but does no damage.
The giant cockroach bites you but does no damage.
The giant cockroach bites you but does no damage.
The giant cockroach bites you but does no damage.
The giant cockroach barely misses you. x2; You furiously retaliate!
You headbutt the giant cockroach!
You kill the giant cockroach!
Trog accepts your kill.
You start resting.
A hobgoblin comes into view. It is wielding a +0 club.
A hobgoblin is nearby!
The hobgoblin shouts!
You hear a shout!
The hobgoblin hits you with a +0 club. The hobgoblin hits you with a +0 club.
The hobgoblin closely misses you. The hobgoblin hits you with a +0 club.
The hobgoblin hits you with a +0 club.
The hobgoblin hits you but does no damage.
The hobgoblin hits you with a +0 club. The hobgoblin hits you with a +0 club.
The hobgoblin hits you with a +0 club.
* * * LOW HITPOINT WARNING * * *
The hobgoblin hits you with a +0 club.
* * * LOW HITPOINT WARNING * * *
The hobgoblin hits you with a +0 club.
* * * LOW HITPOINT WARNING * * *
The hobgoblin hits you with a +0 club.
* * * LOW HITPOINT WARNING * * *
The hobgoblin hits you with a +0 club.
You die...

########### #. .......#
# #.##......#.#
#.#.......#.##
####.#..........
#....#.......#.#
###.###......).#<#
#....#.#.#.g@#...# #
#..###.####.#.#
≈.≈≈####.##
##.###.#.#####
≈..≈....## ##..g.......#
#.≈.####.##
##..####........ #
#####.###.#.####.###.###
#......#.........# ..
#######.###.##...#### ##
#.#...........#


You could see a hobgoblin.

Vanquished Creatures
  2 gnolls (D:3)
  3 adders (D:2)
  A worm (D:2)
  3 dart slugs
  5 bats
  5 endoplasms
  A giant cockroach (D:3)
  5 goblins
  5 hobgoblins
  5 jackals
  2 quokkas (D:1)
  7 ball pythons
  3 kobolds
  2 rats
49 creatures vanquished.

Notes
Turn   | Place    | Note
-------+----------+-------------------------------------------
     0 | D:1      | Linklo the Minotaur Berserker began the quest for the Orb.
     0 | D:1      | Reached XP level 1. HP: 19/19 MP: 0/0
   396 | D:1      | Reached XP level 2. HP: 21/27 MP: 1/1
   583 | D:1      | Found a faded altar of an unknown god.
   981 | D:2      | Reached ** piety under Trog
  1086 | D:2      | Reached XP level 3. HP: 33/33 MP: 2/2
  1654 | D:2      | Reached XP level 4. HP: 38/40 MP: 3/3
  2080 | D:3      | Found an ornate altar of the Wu Jian Council.
  2544 | D:3      | HP: 1/40 [hobgoblin/+0 club (3)]
  2545 | D:3      | Slain by a hobgoblin

Illustrated notes

Levels and vault maps discovered:
D:1:      onia_arrival_pyramid, layout_rooms,
          hellmonk_ecumenical_altar_inner_sanctum
D:2:      layout_basic, minivault_23
D:3:      layout_loops_ring, tgw_xom, nzn_wu_jian_council_hall,
          nrook_mini_vaults

Skill      XL: |  1  2  3 |
---------------+----------+-----
Axes           | 4 |  4.7
Fighting       | 4 |  4.2
Armour         | 3 |  3.2
Dodging        | 3 |  3.5

Action                   |  1- 3 |  4- 6 || total
-------------------------+-------+-------++-------
Melee: Hand axe          |   114 |    25 ||   139
       Headbutt          |    15 |     4 ||    19
       Punch             |     1 |       ||     1
  Use: Scroll            |     1 |     2 ||     3
Armor: Scale mail        |    44 |    27 ||    71
       Animal skin       |     3 |       ||     3
Dodge: Dodged            |    58 |    32 ||    90

Table legend: (Time is in decaauts)
 A = Elapsed time spent in this place.
 B = Non-inter-level travel time spent in this place.
 C = Inter-level travel time spent in this place.
 D = Time resting spent in this place.
 E = Time spent auto-exploring this place.
 F = Levels seen in this place.
 G = Mean time per level.
                   A        B        C        D        E       F      G
               +--------+--------+--------+--------+--------+-----+--------+
         Total |   2558 |   2163 |    395 |    609 |   1131 |   3 |  852.7 |
       Dungeon |   2558 |   2163 |    395 |    609 |   1131 |   3 |  852.7 |
               +--------+--------+--------+--------+--------+-----+--------+

Top non-repeatable levels by time:
     D:1: 1008 daAuts
     D:2: 852 daAuts
     D:3: 697 daAuts
